 Dungeon Crawl Stone Soup version 0.25.1-8-g42b30a86e7 (webtiles) character file.

Game seed: 15277178360533942118

169 Gabide the Skirmisher (level 5, -4/42 HPs)
             Began as a Human Abyssal Knight on Dec 4, 2020.
             Was a Believer of Lugonu.
             Killed from afar by Grinder (33 damage)
             ... with an exploding inner flame
             ... hexed by the player character
             ... on level 4 of the Dungeon.
             The game lasted 00:05:46 (3297 turns).

Gabide the Skirmisher (Human Abyssal Knight)        Turns: 3297, Time: 00:05:47

Health: -4/42      AC:  6    Str: 13    XL:     5   Next: 79%
Magic:  6/7        EV: 10    Int: 12    God:    Lugonu [**....]
Gold:   101        SH:  0    Dex: 13    Spells: 4/4 levels left

rFire    . . .     SeeInvis .   e - +2 halberd
rCold    . . .     Gourm    .   (shield currently unavailable)
rNeg     . . .     Faith    .   f - +0 ring mail
rPois    .         Spirit   .   (no helmet)
rElec    .         Reflect  .   (no cloak)
rCorr    .         Harm     .   m - +0 pair of gloves
MR       .....                  (no boots)
Stlth    +.........             (no amulet)
HPRegen  0.14/turn              (no ring)
MPRegen  0.10/turn              (no ring)

@: no status effects
A: no striking features
a: Depart the Abyss, Bend Space, Renounce Religion


You were on level 4 of the Dungeon.
You worshipped Lugonu.
Lugonu was pleased with you.
You were not hungry.

You visited 1 branch of the dungeon, and saw 4 of its levels.
You visited the Abyss 1 time.

You collected 101 gold pieces.

Inventory:

Hand Weapons
 e - a +2 halberd (weapon)
Missiles
 g - 32 poisoned darts (quivered)
Armour
 f - a +0 ring mail (worn)
 m - a +0 pair of gloves (worn)
Jewellery
 l - an uncursed ring of fire
Wands
 a - a wand of disintegration (13)
Scrolls
 o - a scroll of remove curse
Potions
 b - a potion of flight {unknown}
 d - 2 potions of curing {unknown}
 i - a potion of mutation {unknown}
 j - a potion of stabbing {unknown}
 k - a potion of cancellation {unknown}
 p - a potion of degeneration {unknown}
Comestibles
 c - 4 rations
 r - 3 chunks of flesh


   Skills:
 * Level 4.0 Fighting
 * Level 3.6 Polearms
 + Level 0.6 Throwing
 + Level 2.6 Armour
 + Level 1.3 Dodging
 - Level 0.3 Stealth
 * Level 2.8 Invocations


You had 4 spell levels left.
You didn't know any spells.
Your spell library was empty.

Dungeon Overview and Level Annotations

Branches:
Dungeon (4/15)
 Temple: D:4-7

Altars:


Message History

Grinder is moderately wounded.
As you read the scroll of enchant weapon, it crumbles to dust.
Your +1 halberd glows red for a moment.
As you read the scroll labeled UNUMYTAW VAWUCS, it crumbles to dust.
The creatures around you are filled with an inner flame!
It was a scroll of immolation.
There is a stone staircase leading down here.
You climb downwards.
Found a scroll of identify.
There is a stone staircase leading up here.
Space bends around you!
You blink.
You slash Grinder!
Flame seeps out of Grinder.
Grinder is heavily wounded.
Grinder is engulfed in blazing flames.
Flame seeps out of Grinder.
Grinder gestures at you. You resist with significant effort.
Grinder is engulfed in blazing flames.
Grinder explodes!
The fiery explosion engulfs you!!
Ouch! That really hurt!
You die...

.# .# .# #.#
#.# #.##
#+##§§######..
#..§§○@.......
#...§.........
#..###..?#....
#.. #...# ...
#.. ....+ .
+.. ....# ###
#####


There were no monsters in sight!

Vanquished Creatures
  Ijyb (D:3)
  Terence (D:3)
  4 gnolls (D:2)
  An adder (D:2)
  A worm (D:2)
  A dart slug (D:1)
  A leopard gecko (D:2)
  4 orcs (D:3)
  3 bats
  8 giant cockroaches
  5 hobgoblins
  11 jackals
  A ball python (D:3)
  4 frilled lizards
  5 goblins
  4 kobolds
  5 rats
60 creatures vanquished.

Notes
Turn   | Place    | Note
-------+----------+-------------------------------------------
     0 | Abyss:1  | Gabide the Human Abyssal Knight began the quest for the
                  | Orb.
     0 | Abyss:1  | Reached XP level 1. HP: 18/18 MP: 2/2
    49 | Abyss:1  | Noticed a raiju
    50 | D:1      | Escaped the Abyss
   192 | D:1      | Reached XP level 2. HP: 24/24 MP: 3/3
   194 | D:1      | Reached * piety under Lugonu
   846 | D:1      | Reached XP level 3. HP: 26/29 MP: 4/4
  1313 | D:2      | Reached XP level 4. HP: 37/37 MP: 5/5
  2413 | D:3      | Noticed Terence
  2419 | D:3      | Killed Terence
  2419 | D:3      | Reached XP level 5. HP: 42/42 MP: 6/6
  2463 | D:3      | Reached ** piety under Lugonu
  2778 | D:3      | Noticed Ijyb
  2786 | D:3      | Killed Ijyb
  3158 | D:3      | Found a faded altar of an unknown god.
  3240 | D:3      | Reached skill level 4 in Fighting
  3276 | D:3      | Noticed Grinder
  3280 | D:3      | Paralysed by Grinder for 5 turns
  3297 | D:4      | Killed Grinder
  3297 | D:4      | Killed from afar by Grinder

Illustrated notes

Levels and vault maps discovered:
D:1:      dpeg_arrival_ternary, layout_basic
D:2:      layout_loops_ring, st_stairs_4
D:3:      layout_loops_ring, gup_sewer_entry_bowl,
          chequers_ecumenical_altar_grove, uniq_terence, uniq_ijyb, uniq_grinder
D:4:      corexii_shack_village, layout_gridville, kennysheep_little_box,
          first_ration, minmay_hollow_rounded_squares

Skill      XL: |  1  2  3  4  5 |
---------------+----------------+-----
Polearms       | 3 |  3.6
Fighting       | 4 |  4.0
Throwing       | |  0.6
Armour         | |  2.6
Dodging        | |  1.3
Stealth        | |  0.3
Invocations    | |  2.8

Action                   |  1- 3 |  4- 6 || total
-------------------------+-------+-------++-------
Melee: Spear             |    81 |    10 ||    91
       Halberd           |       |    96 ||    96
Throw: Dart              |     7 |    24 ||    31
       Throwing net      |       |     1 ||     1
Invok: Depart the Abyss  |     1 |       ||     1
       Bend Space        |       |     1 ||     1
  Use: Scroll            |     6 |     4 ||    10
 Stab: Sleeping          |     1 |       ||     1
  Eat: Chunk             |     1 |     7 ||     8
Armor: Leather armour    |     6 |       ||     6
       Ring mail         |     8 |    35 ||    43
Dodge: Dodged            |    26 |    49 ||    75
